 Dungeon Crawl Stone Soup version 0.31-a0-875-g02e7d12df6 (webtiles) character file.

Game seed: 12463416980074887112

110 LeprechaunX the Changeling (level 4, -1/29 HPs)
             Began as an Octopode Shapeshifter on Oct 12, 2023.
             Slain by a gnoll
             ... wielding a +0 flail
              (8 damage)
             ... on level 3 of the Dungeon.
             The game lasted 00:02:11 (1387 turns).

LeprechaunX the Changeling (Octopode Shapeshifter)  Turns: 1387, Time: 00:02:11

Health: -1/29      AC:  1    Str: 15    XL:     4   Next: 91%
Magic:  4/4        EV: 13    Int: 12    God:
Gold:   170        SH:  0    Dex: 11    Spells: 3/3 levels left

rFire   . .          .
                       - Unarmed
rCold   . . .        (no shield)
rNeg    . . .        (helmet currently unavailable)
rPois   .            (no amulet)
rElec   .            p - ring of see invisible
rCorr   .            (no ring)
SInv    +            (no ring)
Will    .....        (no ring)
Stlth   ++           (no ring)
HPRegen 0.24/turn    (no ring)
MPRegen 0.09/turn    (no ring)
                     (no ring)

%: no passive effects
@: beast-form
A: beast (slay +2), almost no armour, amphibious, 8 rings, camouflage 1,
gelatinous body 1, (nimble swimmer 1), tentacles
a: Begin Untransformation


You were on level 3 of the Dungeon.
You were a hulking beast.
You visited 1 branch of the dungeon, and saw 3 of its levels.

You collected 170 gold pieces.

Inventory:

Hand Weapons
 a - a +0 sling
Missiles
 h - 3 javelins
Jewellery
 p - a ring of see invisible (left tentacle)
 r - a ring of poison resistance
Talismans
 b - a beast talisman (active)
 c - a flux talisman
 g - a blade talisman
Wands
 o - a wand of flame (15)
Scrolls
 d - a scroll of revelation {unknown}
 i - a scroll of noise {unknown}
 l - a scroll of teleportation {unknown}
 m - a scroll of amnesia {unknown}
 n - a scroll of poison {unknown}
 q - a scroll of identify {unknown}
 s - a scroll of enchant armour {unknown}
Potions
 e - a potion of invisibility {unknown}
 f - a potion of lignification
 j - a potion of magic {unknown}
 k - 2 potions of curing {unknown}


   Skills:
 + Level 2.0 Fighting
 - Level 0.5 Ranged Weapons
 + Level 2.7 Dodging
 + Level 3.5 Unarmed Combat
 * Level 4.0 Shapeshifting


You had 3 spell levels left.
You didn't know any spells.
Your spell library contained the following spells:

 Spells                   Type           Power      Damage    Failure   Level
 Lesser Beckoning         Tloc           0%         N/A       45%         2
 Gell's Gravitas          Tloc           0%         N/A       69%         3
 Teleport Other           Tloc           0%         N/A       69%         3
 Manifold Assault         Tloc           0%         N/A       97%         4
 Dispersal                Tloc           0%         N/A       100%        6
 Disjunction              Tloc           0%         N/A       100%        8


Dungeon Overview and Level Annotations

Branches:
Dungeon (3/15)

Altars:


Innate Abilities, Weirdness & Mutations

You are a hulking beast.
Your limbs bulge with bestial killing power. (Slay +2)
You cannot wear most types of armour.
You are amphibious.
You can wear up to eight rings at the same time.
Your skin changes colour to match your surroundings (Stealth+).
Your rubbery body absorbs attacks. (AC +1, EV +1)
((You are camouflaged when in or above water. (Stealth+)))
You have tentacles for arms and can constrict up to eight enemies at once.


Message History

The gnoll throws a stone.
The stone misses you.
You shoot a sling bullet.
The sling bullet barely misses the gnoll.
The gnoll shouts!
The sling bullet hits the gnoll.
The gnoll is lightly wounded.
You are now empty-tentacled.
The gnoll misses you.
You tentacle-slap the gnoll.
You kill the gnoll!
The gnoll barely misses you. The gnoll hits you with a +0 spear.
Things that are here:
a +0 club; 6 stones; a gnoll corpse You barely miss the gnoll.
You grab the gnoll. You squeeze the gnoll.
The gnoll is heavily wounded.
You constrict the gnoll. The gnoll hits you with a +0 spear!
You tentacle-slap the gnoll but do no damage.
You squeeze the gnoll.
You kill the gnoll!
You tentacle-slap the gnoll. You grab the gnoll.
The gnoll is lightly wounded.
You constrict the gnoll. The gnoll misses you.
You tentacle-slap the gnoll. x2; You squeeze the gnoll.
The gnoll is severely wounded.
You constrict the gnoll, but do no damage.
You tentacle-slap the gnoll.
The gnoll is almost dead.
You constrict the gnoll.
You kill the gnoll!
Your Fighting skill increases to level 2!
Your Shapeshifting skill increases to level 4!
You tentacle-slap the gnoll. Your grab misses the gnoll.
The gnoll is lightly wounded.
The gnoll hits you with a +0 flail!
* * * LOW HITPOINT WARNING * * *
You tentacle-slap the gnoll. You grab the gnoll.
The gnoll is moderately wounded.
You constrict the gnoll, but do no damage.
The gnoll hits you with a +0 flail!
You die...

# # ############ #
##..#.######..........#####
.........gh................
....#.######...............
. .. #####........... ...
############ g.. # ..
###### . #<...† ###### ##


You could see a gnoll.

Vanquished Creatures
  3 gnolls (D:3)
  An adder (D:2)
  A worm (D:3)
  3 dart slugs
  An orc (D:3)
  10 ball pythons
  7 endoplasms
  3 giant cockroaches
  A goblin (D:2)
  6 hobgoblins
  3 jackals (D:2)
  3 kobolds
  2 quokkas (D:1)
  6 bats
  3 frilled lizards
  6 rats
59 creatures vanquished.

Notes
Turn   | Place    | Note
-------+----------+-------------------------------------------
     0 | D:1      | LeprechaunX the Octopode Shapeshifter began the quest for
                  | the Orb.
     0 | D:1      | Reached XP level 1. HP: 13/13 MP: 1/1
   124 | D:1      | Reached XP level 2. HP: 18/18 MP: 2/2
   381 | D:1      | Reached XP level 3. HP: 19/23 MP: 3/3
   920 | D:2      | Reached XP level 4. HP: 29/29 MP: 4/4
  1386 | D:3      | Reached skill level 4 in Shapeshifting
  1387 | D:3      | Slain by a gnoll

Illustrated notes

Levels and vault maps discovered:
D:1:      spicycebolla_green_bress_n_ham, layout_rooms
D:2:      layout_rooms
D:3:      layout_basic, beargit_hepliaklqana_dungeon_heroes, st_stairs_1

Skill      XL: |  1  2  3  4 |
---------------+-------------+-----
Fighting       | 2 |  2.0
Shapeshifting  | 4 |  4.0
Ranged Weapons | |  0.5
Dodging        | |  2.7
Unarmed Combat | |  3.5

Action                     |  1- 3 |  4- 6 || total
---------------------------+-------+-------++-------
  Melee: Unarmed           |    75 |    35 ||   110
         Constrict         |    14 |     8 ||    22
         Tentacles         |    12 |     8 ||    20
         Punch             |     4 |     2 ||     6
   Fire: Sling             |       |    12 ||    12
   Stab: Sleeping          |     8 |     2 ||    10
 Armour: Skin              |    30 |    16 ||    46
  Dodge: Dodged            |    49 |    21 ||    70

Table legend: (Time is in decaauts)
 A = Elapsed time spent in this place.
 B = Non-inter-level travel time spent in this place.
 C = Inter-level travel time spent in this place.
 D = Time resting spent in this place.
 E = Time spent auto-exploring this place.
 F = Levels seen in this place.
 G = Mean time per level.
                   A        B        C        D        E       F      G
               +--------+--------+--------+--------+--------+-----+--------+
         Total |   1383 |   1322 |     61 |     69 |    940 |   3 |  461.0 |
       Dungeon |   1383 |   1322 |     61 |     69 |    940 |   3 |  461.0 |
               +--------+--------+--------+--------+--------+-----+--------+

Top non-repeatable levels by time:
     D:1: 600 daAuts
     D:2: 564 daAuts
     D:3: 218 daAuts
